Map: Abyssal Reef LE

Players

FarmCakes - Winner!

  • Race: Zerg Zerg
  • League: Master
  • Spawn Location: 5:00

Rengen

  • Race: Protoss Protoss
  • League: Master
  • Spawn Location: 11:00

VOD

https://go.twitch.tv/videos/186074637

Description

Time

  • Played on: Oct. 28, 2017, 4:04 p.m.
  • Length: 14:11
Show
View Real Time Build Order
Export as new Build Order

FarmCakes Zerg - Winner!

Build Orders: Hatch First 

Get SALT Encoding   

  12  0:00  Drone  
  13  0:08  Drone  
  14  0:17  Overlord  
  14  0:22  Extractor  
  14  0:23  Drone  
  17  0:35  Drone x2  
  17  0:52  Hatchery  
  17  0:55  Drone  
  17  0:58  Drone  
  18  1:08  Extractor  
  17  1:14  Spawning Pool  
  17  1:16  Drone  
  17  1:20  Drone  
  18  1:26  Drone  
  19  1:39  Overlord  
  19  2:00  Queen  
  21  2:01  Zergling x4  
  21  2:03  Queen  
  21  2:04  Drone  
  26  2:09  Metabolic Boost  
  26  2:11  Drone  
  26  2:14  Drone  
  28  2:20  Drone  
  29  2:25  Drone  
  30  2:32  Drone  
  31  2:39  Hatchery  
  31  2:42  Drone  
  31  2:45  Overlord  
  31  2:48  Drone  
  32  2:55  Queen  
  34  3:01  Evolution Chamber  
  34  3:02  Drone  
  34  3:03  Drone  
  35  3:09  Zergling x4  
  35  3:11  Drone  
  38  3:19  Drone  
  39  3:20  Drone x4  
  43  3:32  Drone  
  43  3:37  Zerg Melee Weapons Level 1  
  43  3:40  Overlord x2  
  43  3:46  Spore Crawler  
  43  3:47  Spore Crawler  
  41  3:53  Drone x4  
  41  3:55  Drone  
  46  3:58  Spore Crawler  
  46  4:00  Drone  
  46  4:02  Drone  
  45  4:05  Drone  
  45  4:09  Lair  
  46  4:10  Drone x3  
  46  4:15  Drone x2  
  46  4:16  Drone  
  52  4:23  Spore Crawler  
  51  4:30  Drone x3  
  51  4:31  Drone x3  
  56  4:37  Extractor  
  56  4:38  Zergling x6, Baneling Nest  
  56  4:39  Zergling x2  
  58  4:46  Drone x4  
  58  4:50  Overlord  
  62  4:54  Drone x2  
  62  4:55  Extractor  
  62  4:59  Queen  
  65  5:04  Overlord x2  
  61  5:08  Drone x3  
  64  5:15  Hydralisk Den  
  64  5:17  Drone x7  
  70  5:22  Overseer  
  70  5:24  Drone  
  70  5:25  Drone  
  72  5:33  Extractor  
  72  5:34  Extractor  
  72  5:35  Extractor  
  69  5:41  Hatchery, Drone x3  
  69  5:43  Zerg Melee Weapons Level 2  
  69  5:44  Hydralisk  
  71  5:51  Drone  
  71  5:52  Drone x6  
  78  5:59  Centrifical Hooks  
  78  6:06  Hatchery  
  78  6:08  Drone x3  
  78  6:09  Drone x2  
  82  6:11  Overlord  
  82  6:21  Muscular Augments  
  82  6:24  Hydralisk x3  
  88  6:27  Overseer  
  88  6:30  Overlord x2  
  88  6:31  Drone x2  
  88  6:32  Drone  
  91  6:37  Hydralisk x2  
  92  6:48  Zergling x14  
  92  6:52  Hydralisk  
  98  6:58  Drone x3  
  98  6:59  Drone x2  
  103  7:03  Hydralisk x2  
  103  7:05  Overseer  
  103  7:07  Zergling x4  
  109  7:11  Overlord x2  
  109  7:13  Drone  
  109  7:16  Hydralisk  
  109  7:19  Hydralisk  
  109  7:22  Hydralisk x2  
  117  7:29  Hydralisk x4  
  125  7:33  Drone  
  125  7:34  Drone x5  
  131  7:41  Hydralisk x3  
  137  7:46  Hydralisk x2  
  141  7:53  Overlord x4  
  141  7:57  Extractor  
  140  8:03  Zerg Missile Weapons Level 1  
  140  8:07  Hatchery  
  140  8:08  Hydralisk, Evolution Chamber  
  140  8:13  Hydralisk x5  
  140  8:17  Drone  
  140  8:18  Drone x4  
  153  8:23  Zergling x2  
  153  8:24  Zergling x10  
  159  8:27  Baneling x3  
  159  8:28  Baneling x5  
  159  8:32  Zergling x8  
  163  8:38  Hydralisk x3  
  169  8:42  Zerg Ground Armor Level 1  
  169  8:46  Zergling x8  
  169  8:47  Zergling x2  
  174  8:49  Pneumatized Carapace  
  174  8:54  Overlord  
  174  8:55  Overlord x2  
  174  9:01  Overlord x2  
  174  9:02  Overlord  
  174  9:04  Infestation Pit  
  174  9:05  Baneling  
  174  9:06  Baneling x9  
  174  9:07  Baneling x3  
  174  9:08  Baneling  
  173  9:12  Baneling x2  
  173  9:13  Baneling x7  
  173  9:14  Baneling  
  173  9:20  Zergling x16  
  181  9:27  Baneling x3  
  181  9:28  Baneling x3  
  181  9:32  Drone x2  
  181  9:35  Zergling x2  
  181  9:36  Zergling x22  
  195  9:41  Hive  
  193  9:54  Zergling x12  
  193  9:59  Zergling x4  
  199  10:08  Baneling x15  
  199  10:09  Baneling x14  
  198  10:19  Extractor  
  198  10:20  Drone x3  
  196  10:24  Spire  
  196  10:25  Zergling x4  
  196  10:26  Zergling x4  
  199  10:29  Baneling x6  
  199  10:30  Baneling  
  186  10:52  Zergling x2  
  186  10:53  Zergling x32  
  186  10:55  Zerg Ground Armor Level 2, Zerg Melee Weapons Level 3  
  200  11:07  Overseer  
  190  11:32  Hatchery  
  174  11:43  Greater Spire  
  164  11:47  Zergling x2  
  164  11:48  Zergling x34  
  164  11:49  Zergling x12  
  181  12:02  Corruptor  
  181  12:03  Corruptor x7  
  181  12:07  Extractor  
  195  12:09  Extractor  
  195  12:13  Queen  
  195  12:14  Overseer x2  
  196  12:17  Drone x3  
  199  12:32  Baneling  
  199  12:34  Overseer  
  175  12:54  Brood Lord x4  
  175  12:55  Brood Lord x4  
  175  12:56  Zergling x2  
  175  12:57  Zergling x26  
  199  13:12  Spore Crawler  
  198  13:13  Overseer  
  198  13:14  Spine Crawler  
  198  13:16  Overseer  
  198  13:18  Baneling  
  198  13:19  Baneling x19  
  197  13:20  Baneling x9  
  197  13:30  Spine Crawler x2  
  197  13:31  Spine Crawler  
  197  13:33  Spore Crawler  
  191  13:34  Spine Crawler  
  191  13:35  Spine Crawler  
  191  13:36  Spine Crawler  
  191  13:40  Zergling x14  
  191  13:41  Zergling x2  
Show
View Real Time Build Order
Export as new Build Order

Rengen Protoss 

Build Orders: 1 Gate Expand, Oracle Opening, Zealot Archon 

Get SALT Encoding   

  12  0:00  Probe (Chrono Boost)  
  13  0:11  Probe (Chrono Boost)  
  14  0:22  Pylon, Probe (Chrono Boost)  
  15  0:41  Gateway, Probe (Chrono Boost)  
  16  0:46  Assimilator  
  16  0:51  Probe (Chrono Boost)  
  17  1:02  Probe (Chrono Boost)  
  18  1:12  Probe (Chrono Boost)  
  19  1:22  Nexus  
  20  1:25  Probe (Chrono Boost)  
  20  1:38  Cybernetics Core  
  21  1:40  Probe (Chrono Boost)  
  21  1:46  Assimilator  
  21  1:50  Probe (Chrono Boost)  
  22  1:54  Pylon  
  22  2:01  Probe (Chrono Boost)  
  23  2:12  Probe (Chrono Boost)  
  23  2:15  Warp Gate, Adept (Chrono Boost)  
  26  2:24  Probe  
  27  2:30  Stargate  
  27  2:34  Probe  
  27  2:36  Probe  
  29  2:39  Adept (Chrono Boost)  
  31  2:45  Probe  
  31  2:48  Probe  
  33  2:55  Probe  
  34  2:59  Gateway  
  34  3:02  Probe  
  34  3:05  Gateway  
  35  3:06  Probe  
  36  3:14  Oracle (Chrono Boost)  
  36  3:17  Probe  
  36  3:19  Mothership Core  
  42  3:29  Probe  
  41  3:39  Nexus  
  41  3:42  Probe  
  41  3:43  Probe  
  41  3:48  Pylon  
  43  3:57  Probe  
  43  3:58  Probe  
  44  4:04  Assimilator  
  44  4:06  Assimilator, Oracle (Chrono Boost)  
  44  4:07  Probe  
  48  4:13  Probe  
  49  4:18  Probe  
  50  4:25  Probe  
  50  4:27  Twilight Council  
  50  4:28  Forge, Probe  
  52  4:37  Probe (Chrono Boost)  
  53  4:40  Robotics Facility, Probe (Chrono Boost)  
  53  4:43  Pylon  
  53  4:45  Pylon  
  54  4:51  Probe x2 (Chrono Boost)  
  56  4:54  Probe (Chrono Boost)  
  56  4:55  Pylon  
  57  5:10  Protoss Ground Weapons Level 1 (Chrono Boost), Charge  
  57  5:12  Probe x2 (Chrono Boost)  
  59  5:15  Probe (Chrono Boost)  
  59  5:19  Adept x2  
  59  5:20  Adept  
  66  5:22  Probe x2 (Chrono Boost)  
  66  5:26  Templar Archives  
  68  5:29  Pylon  
  68  5:31  Warp Prism (Chrono Boost)  
  68  5:34  Probe x2  
  72  5:36  Probe  
  73  5:46  Gateway, Probe  
  73  5:47  Gateway  
  73  5:48  Probe  
  73  5:49  Probe  
  76  5:55  Gateway  
  76  5:58  Probe  
  76  6:00  Probe  
  76  6:01  Pylon  
  76  6:02  Sentry  
  76  6:03  Sentry  
  76  6:04  Observer (Chrono Boost), Probe  
  83  6:11  Probe  
  85  6:13  Assimilator  
  85  6:19  Assimilator, Probe  
  85  6:22  Immortal (Chrono Boost)  
  85  6:25  Pylon  
  90  6:30  Probe  
  90  6:31  Gateway  
  91  6:33  High Templar x2, Gateway  
  93  6:48  Protoss Ground Weapons Level 2  
  89  6:55  Archon  
  89  6:56  Probe x3  
  89  6:57  Immortal (Chrono Boost)  
  94  7:03  High Templar  
  94  7:05  Nexus  
  98  7:08  Probe x2  
  98  7:10  Pylon  
  98  7:11  Probe  
  98  7:15  Pylon  
  98  7:19  High Templar x2  
  98  7:20  Pylon, Zealot x2  
  106  7:28  Pylon  
  106  7:29  Pylon  
  106  7:45  High Templar x2, Immortal (Chrono Boost)  
  114  7:51  Archon  
  114  7:53  High Templar  
  116  7:59  Robotics Facility  
  116  8:01  Assimilator  
  116  8:04  Pylon x2  
  116  8:05  Assimilator, Photon Cannon  
  116  8:06  Pylon  
  116  8:08  Pylon  
  116  8:09  Photon Cannon  
  116  8:10  Photon Cannon  
  116  8:12  Photon Cannon x2  
  116  8:15  Zealot x4, Photon Cannon  
  116  8:19  High Templar x2  
  128  8:24  Archon  
  128  8:29  Pylon  
  128  8:32  Zealot  
  127  8:35  Immortal (Chrono Boost)  
  127  8:36  High Templar  
  127  8:38  High Templar  
  135  8:42  Archon  
  135  8:49  Pylon  
  135  8:52  Pylon  
  135  8:54  Oracle  
  132  8:57  Warp Prism (Chrono Boost)  
  135  9:06  High Templar x2  
  139  9:10  Archon  
  139  9:13  Immortal (Chrono Boost)  
  143  9:29  Immortal (Chrono Boost)  
  143  9:32  Psionic Storm  
  143  9:38  Sentry  
  149  9:39  Sentry  
  151  9:50  Sentry x3  
  155  9:53  Zealot  
  155  9:54  Zealot  
  155  9:55  Sentry  
  155  10:02  Zealot x2  
  153  10:13  Zealot x3  
  153  10:14  Zealot x2  
  152  10:16  Protoss Ground Weapons Level 3 (Chrono Boost)  
  152  10:19  Immortal  
  162  10:27  Sentry  
  164  10:29  Zealot x2  
  164  10:34  Sentry  
  168  10:36  Zealot x4  
  168  10:41  Immortal  
  164  10:52  Zealot x3  
  166  11:00  Zealot x5  
  166  11:03  Probe x4  
  179  11:06  Immortal  
  180  11:15  Probe  
  169  11:20  Immortal  
  173  11:28  High Templar x4  
  173  11:30  Pylon  
  181  11:32  Archon  
  181  11:33  Pylon, Archon  
  159  11:48  High Templar  
  159  11:49  High Templar  
  147  11:58  Sentry  
  147  11:59  Sentry  
  149  12:08  High Templar  
  149  12:13  Probe  
  149  12:14  Probe x2  
  154  12:16  Probe  
  154  12:22  Fleet Beacon  
  155  12:27  Nexus  
  155  12:29  Pylon  
  153  12:30  Zealot x7  
  151  12:56  Sentry x2  
  151  12:58  Zealot  
  157  12:59  High Templar x4  
  157  13:03  Archon x2  
  157  13:04  High Templar  
  167  13:06  Warp Prism x2  
  167  13:10  Probe x3  
  170  13:37  High Templar x4  
  178  13:45  Archon x2  
Tags
 
Add a new tag
Caveats
  • Supply blocks, unpowered buildings, or Contaminate may cause inaccurate times.
  • Supply counts are checked every 10 seconds.